 Dungeon Crawl Stone Soup version 0.32-a0-540-g866d13106e (webtiles) character file.

Game seed: 10942096860072778011

281 lunkers the Chopper (level 6, 0/44 HPs)
             Began as a Coglin Gladiator on Feb 28, 2024.
             Was a Follower of Ru.
             Slain by an orc
             ... wielding a +1 mace of holy wrath
              (2 damage)
             ... on level 3 of the Dungeon.
             The game lasted 00:02:35 (1652 turns).

lunkers the Chopper (Coglin Gladiator)              Turns: 1652, Time: 00:02:36

Health: 0/44       AC:  8    Str: 17    XL:     6   Next: 27%
Magic:  6/6        EV: 10    Int:  7    God:    Ru [*.....]
Gold:   77         SH:  0    Dex: 15    Spells: 5/5 levels left

rFire   . . .        a - +0 war axe {Octavia}
rCold   + . .        s - +1 short sword (elec) {Consuela}
rNeg    . . .        r - +1 scale mail {rC+}
rPois   .            c - +0 helmet
rElec   .            (no cloak)
rCorr   .            (no gloves)
SInv    .            (no boots)
Will    .....        (no amulet) Stlth
                     (ring unavailable)
HPRegen 0.27/turn    (ring unavailable)
MPRegen 0.10/turn

%: no passive effects
@: revved
A: unskilled 1, off-hand wielding, slow wielding, warmup strikes, no rings
a: Renounce Religion


You were on level 3 of the Dungeon.
You worshipped Ru.
Ru was aware of your devotion.
You visited 1 branch of the dungeon, and saw 3 of its levels.

You collected 77 gold pieces.

Inventory:

Hand Weapons
 a - a +0 war axe (weapon) {Octavia}
 k - a +0 dagger {Latda}
 s - a +1 short sword of electrocution (offhand) {Consuela}
Missiles
 d - 3 throwing nets
 e - 7 javelins
Armour
 b - a +0 leather armour
 c - a +0 helmet (worn)
 h - a +0 ring mail
 r - a +1 scale mail of cold resistance (worn)
Scrolls
 g - 7 scrolls of identify {unknown}
 i - a scroll of torment {unknown}
 m - 4 scrolls of teleportation {unknown}
 n - a scroll of noise {unknown}
 p - a scroll of vulnerability {unknown}
Potions
 f - a potion of curing {unknown}
 j - 3 potions of lignification {unknown}
 l - a potion of resistance {unknown}
 o - a potion of degeneration {unknown}
 q - a potion of haste {unknown}


   Skills:
 - Level 1.7 Fighting
 + Level 0.0 Short Blades
 - Level 6.2 Axes
 - Level 1.5 Throwing
 - Level 2.4 Dodging


You had 5 spell levels left.
You didn't know any spells.
Your spell library contained the following spells:

 Spells                   Type           Power      Damage    Failure   Level
 Lesser Beckoning         Tloc           0%         N/A       95%         2
 Gell's Gravitas          Tloc           0%         N/A       99%         3
 Teleport Other           Tloc           0%         N/A       99%         3
 Manifold Assault         Tloc           0%         N/A       100%        4
 Dispersal                Tloc           0%         N/A       100%        6
 Disjunction              Tloc           0%         N/A       100%        8


Dungeon Overview and Level Annotations

Branches:
Dungeon (3/15)

Altars:
Ru

Shops:
D:1 (


Innate Abilities, Weirdness & Mutations

You are somewhat unskilled. (-1 Apt)
You can wield a second weapon in your off-hand.
It takes a long time for you to wield or remove held weapons.
Your first few attacks do less damage.
Your grasper-arms cannot wear rings.


Message History

The orc shouts! x2
The orc wizard gestures at you while chanting.
The magic dart hits you but does no damage.
An orc comes into view. It is wielding a +0 club.
You see here a frilled lizard corpse.
There are monsters nearby!
The orc shouts!
There are monsters nearby!
You barely miss the orc wizard with your +1 short sword of electrocution.
You hit the orc wizard with your +0 war axe.
The orc wizard hits you with a +1 dagger of electrocution.
You are electrocuted!
* * * LOW HITPOINT WARNING * * *
Press: ? - help, v - describe, . - travel
Here: an orc wizard, wielding a +1 dagger of electrocution and wearing a +0 robe (lightly wounded)
The floor.
You barely miss the orc wizard with your +0 war axe.
The orc wizard is lightly wounded.
You closely miss the orc wizard with your +1 short sword of electrocution.
The orc wizard begins to cast a spell, but is stunned by your conviction!
Unknown command.
You slash the orc wizard with your +0 war axe!
The orc wizard is severely wounded.
You miss the orc wizard with your +1 short sword of electrocution.
The orc wizard hits you with a +1 dagger of electrocution.
* * * LOW HITPOINT WARNING * * *
You are electrocuted!!
* * * LOW HITPOINT WARNING * * *
You hit the orc wizard with your +1 short sword of electrocution.
The orc wizard is almost dead.
You closely miss the orc wizard with your +0 war axe.
You redirect the orc wizard's attack!
The orc wizard hits you with a +1 dagger of electrocution.
* * * LOW HITPOINT WARNING * * *
You hit the orc wizard with your +1 short sword of electrocution.
Lightning courses through the orc wizard!
You kill the orc wizard!
The orc hits you with a +1 mace of holy wrath.
You die...
Ru respects your ultimate sacrifice. .. .# !. .# ##.# #oo

#o# ##@#####
#...!..#
#.####.†###.#
##........#
..####...# #
.#####.# #...##.#
.......####.$....#
....#............#
#
#.....###..###..#


You could see 3 orcs.

Vanquished Creatures
  Sigmund (D:2)
  A hound (D:2)
  An orc wizard (D:3)
  3 adders (D:2)
  2 dart slugs
  7 bats
  3 endoplasms
  5 giant cockroaches
  4 goblins
  8 hobgoblins
  2 jackals (D:1)
  3 kobolds
  A quokka (D:2)
  7 ball pythons
  4 frilled lizards
  6 rats
58 creatures vanquished.

Notes
Turn   | Place    | Note
-------+----------+-------------------------------------------
     0 | D:1      | lunkers the Coglin Gladiator began the quest for the Orb.
     0 | D:1      | Reached XP level 1. HP: 16/16 MP: 1/1
    34 | D:1      | Reached XP level 2. HP: 15/22 MP: 2/2
   136 | D:1      | Found Nupnun's Weapon Boutique.
   254 | D:1      | Found a faded altar of an unknown god.
   355 | D:1      | Prayed at the altar of an unknown god.
   355 | D:1      | Became a worshipper of Ru the Awakened
   366 | D:1      | Gained mutation: You are somewhat unskilled. (-1 Apt) [Ru
                  | sacrifice]
   366 | D:1      | Reduced skill Fighting to level 1
   366 | D:1      | Reached * piety under Ru
   518 | D:1      | Reached XP level 3. HP: 24/27 MP: 3/3
   841 | D:2      | Reached skill level 4 in Axes
   909 | D:2      | Reached XP level 4. HP: 30/33 MP: 4/4
  1056 | D:2      | Reached skill level 5 in Axes
  1284 | D:2      | Found Moir's Assorted Antiques.
  1312 | D:2      | Reached XP level 5. HP: 33/38 MP: 5/5
  1424 | D:2      | Noticed Sigmund
  1439 | D:2      | Killed Sigmund
  1440 | D:2      | Reached skill level 6 in Axes
  1440 | D:2      | Reached XP level 6. HP: 23/44 MP: 6/6
  1651 | D:3      | HP: 1/44 [orc wizard/+1 dagger of electrocution (3)]
  1652 | D:3      | Slain by an orc

Illustrated notes

Levels and vault maps discovered:
D:1:      dpeg_arrival_simpleton_a, layout_basic,
          shapermc_ecumenical_altar_flowoftime, serial_shops,
          nicolae_shop_real_fake_doors, minivault_24, corexii_corridor_pit
D:2:      layout_basic, serial_shops, nicolae_shop_behind_doors, uniq_sigmund
D:3:      cheibrodos_greedy_goblins, layout_loops_cross, serial_shops,
          nicolae_shop_temple_entry_statues_fountains, minmay_circle_x

Skill      XL: |  1  2  3  4  5 |
---------------+----------------+-----
Fighting       | 1 |  1.7
Axes           | 4 5 6 |  6.2
Throwing       | |  1.5
Dodging        | |  2.4

Action                     |  1- 3 |  4- 6 || total
---------------------------+-------+-------++-------
  Melee: War axe           |   102 |    50 ||   152
         Dagger            |    30 |    26 ||    56
         Short sword       |       |    15 ||    15
 Invoke: Sacrifice Skill   |     1 |       ||     1
   Stab: Distracted        |     1 |       ||     1
 Armour: Leather armour    |    14 |       ||    14
         Ring mail         |    52 |    18 ||    70
         Scale mail        |       |    19 ||    19
  Dodge: Dodged            |    59 |    28 ||    87

Table legend: (Time is in decaauts)
 A = Elapsed time spent in this place.
 B = Non-inter-level travel time spent in this place.
 C = Inter-level travel time spent in this place.
 D = Time resting spent in this place.
 E = Time spent auto-exploring this place.
 F = Levels seen in this place.
 G = Mean time per level.
                   A        B        C        D        E       F      G
               +--------+--------+--------+--------+--------+-----+--------+
         Total |   1685 |   1583 |    102 |      0 |   1175 |   3 |  561.7 |
       Dungeon |   1685 |   1583 |    102 |      0 |   1175 |   3 |  561.7 |
               +--------+--------+--------+--------+--------+-----+--------+

Top non-repeatable levels by time:
     D:1: 854 daAuts
     D:2: 792 daAuts
     D:3: 39 daAuts
